 Dungeon Crawl Stone Soup version 0.29.1-12-g30fa7ad0bf (webtiles) character file.

Game seed: 11559718888096962497

105 wormed the Skirmisher (level 4, -2/38 HPs)
             Began as a Gnoll Hunter on Dec 25, 2022.
             Slain by Crazy Yiuf
             ... wielding a +3 quarterstaff of chaos
              (3 damage)
             ... on level 3 of the Dungeon.
             The game lasted 00:04:45 (2484 turns).

wormed the Skirmisher (Gnoll Hunter)                Turns: 2484, Time: 00:04:50

Health: -2/38      AC:  3    Str: 11    XL:     4   Next: 83%
Magic:  5/5        EV: 13    Int:  8    God:
Gold:   163        SH:  0    Dex: 17    Spells: 3/5 levels left

rFire   . . .      SeeInvis .   a - +0 shortbow
rCold   . . .      Faith    +   (shield currently unavailable)
rNeg    + . .      Spirit   .   c - +0 leather armour
rPois   .          Reflect  .   (no helmet)
rElec   .          Harm     .   (no cloak)
rCorr   .          Rampage  .   (no gloves)
Will    .....                   (no boots)
Stlth   ++........              j - amulet of faith
HPRegen 0.12/turn               k - ring of positive energy
MPRegen 0.09/turn               (no ring)

@: no status effects
A: fangs 1, strong nose, distributed training
a: no special abilities


You were on level 3 of the Dungeon.
You visited 1 branch of the dungeon, and saw 4 of its levels.

You collected 163 gold pieces.

Inventory:

Hand Weapons
 a - a +0 shortbow (weapon)
 p - a +1 whip of venom
Armour
 c - a +0 leather armour (worn)
Jewellery
 h - a +6 ring of strength
 j - an amulet of faith (around neck)
 k - a ring of positive energy (left hand)
 n - an amulet of guardian spirit
Scrolls
 b - a scroll of immolation
 g - 6 scrolls of identify {unknown}
 l - a scroll of silence {unknown}
 m - a scroll of enchant armour {unknown}
 o - a scroll of enchant weapon {unknown}
 q - a scroll of fear {unknown}
 r - a scroll of teleportation {unknown}
Potions
 d - a potion of lignification {unknown}
 i - 2 potions of heal wounds {unknown}


   Skills:
 + Level 4.7 Fighting
 + Level 1.3 Short Blades
 + Level 1.3 Long Blades
 + Level 1.3 Axes
 + Level 1.3 Maces & Flails
 + Level 1.3 Polearms
 + Level 1.3 Staves
 + Level 8.6 Ranged Weapons
 + Level 1.3 Throwing
 + Level 1.3 Armour
 + Level 4.7 Dodging
 + Level 2.6 Stealth
 + Level 1.3 Shields
 + Level 1.3 Unarmed Combat
 + Level 1.3 Spellcasting
 + Level 1.0 Conjurations
 + Level 1.0 Hexes
 + Level 1.0 Summonings
 + Level 1.0 Necromancy
 + Level 1.0 Translocations
 + Level 1.0 Transmutations
 + Level 1.0 Fire Magic
 + Level 1.0 Ice Magic
 + Level 1.0 Air Magic
 + Level 1.0 Earth Magic
 + Level 1.0 Poison Magic
 + Level 1.4 Invocations
 + Level 1.3 Evocations


You had 3 spell levels left.
You knew the following spells:

 Your Spells              Type           Power      Damage    Failure   Level
a - Wereblood             Tmut           2%         N/A       45%         2

Your spell library contained the following spells:

 Spells                   Type           Power      Damage    Failure   Level
 Beastly Appendage        Tmut           4%         N/A       32%         1
 Ignite Poison            Fire/Tmut/Pois 2%         N/A       69%         3
 Mephitic Cloud           Conj/Pois/Air  2%         N/A       69%         3
 Spider Form              Tmut/Pois      2%         N/A       69%         3
 Freezing Cloud           Conj/Ice/Air   1%         6-21      100%        5


Dungeon Overview and Level Annotations

Branches:
Dungeon (4/15)
 Temple: D:4-7

Altars:
Hepliaklqana
Wu Jian

Annotations:
D:3 Crazy Yiuf


Innate Abilities, Weirdness & Mutations

You have very sharp teeth.
Your uncanny sense of smell can sniff out nearby items.
Your experience applies equally to all skills.


Message History

The floor.
Could not explore, unopened runed door.
You open the door.
Crazy Yiuf drinks a potion.
Crazy Yiuf seems to grow stronger.
Fire: a) +0 shortbow
Press: ? - help, Q - select action, (/) - cycle Shift-Dir - straight line, f - Crazy Yiuf
Aim: Crazy Yiuf, wielding a +3 quarterstaff of chaos and wearing a +0 cloak (strong, 69% to hit)
Okay, then.
Throw: throwing net
Press: ? - help, Q - select action, (/) - cycle Shift-Dir - straight line, f - Crazy Yiuf
Aim: Crazy Yiuf, wielding a +3 quarterstaff of chaos and wearing a +0 cloak (strong, 65% to hit)
You throw a throwing net. The throwing net hits Crazy Yiuf.
Crazy Yiuf is caught in the net!
Crazy Yiuf struggles against the net.
You shoot an arrow.
The arrow hits Crazy Yiuf but does no damage.
Crazy Yiuf struggles against the net.
You shoot an arrow.
The arrow hits Crazy Yiuf but does no damage.
Crazy Yiuf struggles against the net. x2
You shoot an arrow.
The arrow hits Crazy Yiuf but does no damage.
Crazy Yiuf yells, "Papa fast cloud!"
Crazy Yiuf struggles against the net.
The net rips apart, and Crazy Yiuf comes free!
You shoot an arrow. The arrow barely misses Crazy Yiuf.
You shoot an arrow. The arrow barely misses Crazy Yiuf.
Crazy Yiuf laughs, "Announcement cloud Xom!"
Crazy Yiuf hits you with a +3 quarterstaff of chaos!
Crazy Yiuf freezes you.
Press: ? - help, v - describe, . - travel
Here: Crazy Yiuf, wielding a +3 quarterstaff of chaos and wearing a +0 cloak (strong)
An open translucent door.
As you read the scroll labelled VUYFENL FAZO, it crumbles to dust.
Your body is wracked with pain!
Crazy Yiuf convulses!
It was a scroll of torment.
Crazy Yiuf hits you with a +3 quarterstaff of chaos!
* * * LOW HITPOINT WARNING * * *
Crazy Yiuf burns you.
You die...

#.#....#
#(#######.####.##
#.#....# ### ###.....#
#.#....# ####..#
#.#.######## #####
#.....# #.#.##.....#
#)..# ###...#
#.#.##.###.# #...#
#...# #.#.##.# #.# ...
#...# .....#.###.# #g#
#...# #........#.#
♣@♣♣ ###...#
#.......(#.# ♣♣.♣
#.....# ##.(.....#.#
♣.♣♣ ####..###
##.......#.# ♣♣.♣
#.......# ##......)..#
♣♣.♣♣ ####.####
######.###.# ♣♣PP.♣
#.# .......# #.#
♣.P..♣ #.#
#####..###.# #'..+#
#.#
#####...##.####....###
#.#


You could see Crazy Yiuf (strong).

Vanquished Creatures
  2 adders (D:3)
  A dart slug (D:2)
  7 orcs (D:3)
  9 endoplasms
  A giant cockroach (D:3)
  12 goblins
  5 hobgoblins
  7 jackals
  4 kobolds
  3 quokkas
  4 ball pythons
  3 bats
  5 frilled lizards
  6 rats
69 creatures vanquished.

Notes
Turn   | Place    | Note
-------+----------+-------------------------------------------
     0 | D:1      | wormed the Gnoll Hunter began the quest for the Orb.
     0 | D:1      | Reached XP level 1. HP: 20/20 MP: 1/1
    52 | D:1      | Reached XP level 2. HP: 26/26 MP: 2/2
   507 | D:1      | Reached XP level 3. HP: 31/31 MP: 3/3
  1008 | D:2      | Reached skill level 1 in Invocations
  1020 | D:2      | Learned a level 2 spell: Wereblood
  1219 | D:2      | Reached skill level 1 in Short Blades
  1219 | D:2      | Reached skill level 1 in Long Blades
  1219 | D:2      | Reached skill level 1 in Axes
  1219 | D:2      | Reached skill level 1 in Maces & Flails
  1219 | D:2      | Reached skill level 1 in Polearms
  1219 | D:2      | Reached skill level 1 in Staves
  1219 | D:2      | Reached skill level 1 in Throwing
  1219 | D:2      | Reached skill level 1 in Armour
  1219 | D:2      | Reached skill level 1 in Shields
  1219 | D:2      | Reached skill level 1 in Unarmed Combat
  1219 | D:2      | Reached skill level 1 in Spellcasting
  1219 | D:2      | Reached skill level 1 in Evocations
  1266 | D:2      | Found a hazy altar of Hepliaklqana.
  1647 | D:3      | Reached XP level 4. HP: 38/38 MP: 5/5
  1858 | D:3      | Reached skill level 1 in Conjurations
  1858 | D:3      | Reached skill level 1 in Hexes
  1858 | D:3      | Reached skill level 1 in Summonings
  1858 | D:3      | Reached skill level 1 in Necromancy
  1858 | D:3      | Reached skill level 1 in Translocations
  1858 | D:3      | Reached skill level 1 in Transmutations
  1858 | D:3      | Reached skill level 1 in Fire Magic
  1858 | D:3      | Reached skill level 1 in Ice Magic
  1858 | D:3      | Reached skill level 1 in Air Magic
  1858 | D:3      | Reached skill level 1 in Earth Magic
  1858 | D:3      | Reached skill level 1 in Poison Magic
  1902 | D:3      | You fall into a shaft and drop 1 floor!
  2095 | D:3      | Found an ornate altar of the Wu Jian Council.
  2346 | D:3      | Found a runed translucent door.
  2347 | D:3      | Noticed Crazy Yiuf
  2484 | D:3      | HP: 1/38 [Crazy Yiuf/+3 quarterstaff of chaos (14)]
  2484 | D:3      | Slain by Crazy Yiuf

Illustrated notes

Levels and vault maps discovered:
D:1:      amcnicky_arrival_gap_in_the_tavern_cellar, layout_basic
D:2:      layout_basic, basic_altar, minmay_bisected
D:3:      layout_basic, mainiacjoe_overflow_six_doors_small,
          minmay_crystal_water, minmay_liquid_box, uniq_crazy_yiuf_cottage
D:4:      layout_gridville, minmay_overflow_temple_star_quad,
          riverfiend_overflow_shadow_ancestor, uniq_natasha

Skill      XL: |  1  2  3  4 |
---------------+-------------+-----
Invocations    | 1 |  1.4
Short Blades   | 1 |  1.3
Long Blades    | 1 |  1.3
Axes           | 1 |  1.3
Maces & Flails | 1 |  1.3
Polearms       | 1 |  1.3
Staves         | 1 |  1.3
Throwing       | 1 |  1.3
Armour         | 1 |  1.3
Shields        | 1 |  1.3
Unarmed Combat | 1 |  1.3
Spellcasting   | 1 |  1.3
Evocations     | 1 |  1.3
Conjurations   | 1 |  1.0
Hexes          | 1 |  1.0
Summonings     | 1 |  1.0
Necromancy     | 1 |  1.0
Translocations | 1 |  1.0
Transmutations | 1 |  1.0
Fire Magic     | 1 |  1.0
Ice Magic      | 1 |  1.0
Air Magic      | 1 |  1.0
Earth Magic    | 1 |  1.0
Poison Magic   | 1 |  1.0
Fighting       | |  4.7
Ranged Weapons | |  8.6
Dodging        | |  4.7
Stealth        | |  2.6

Action                   |  1- 3 |  4- 6 || total
-------------------------+-------+-------++-------
 Fire: Shortbow          |   108 |    59 ||   167
Throw: Throwing net      |       |     1 ||     1
  Use: Scroll            |       |     1 ||     1
Armor: Leather armour    |     5 |     2 ||     7
Dodge: Dodged            |     9 |     9 ||    18
